 Dungeon Crawl Stone Soup version 0.29.1-4-g47bece8355 (webtiles) character file.

Game seed: 7455253358050486372

200 chavenet the Chopper (level 5, -8/67 HPs)
             Began as a Hill Orc Fighter on Dec 3, 2022.
             Was an Initiate of Yredelemnul.
             Killed by divine providence
             ... invoked by an orc priest
              (13 damage)
             ... on level 3 of the Dungeon.
             The game lasted 00:06:40 (3288 turns).

chavenet the Chopper (Hill Orc Fighter)             Turns: 3288, Time: 00:06:44

Health: -8/67      AC: 22    Str: 21    XL:     5   Next: 78%
Magic:  5/5        EV:  2    Int:  8    God:    Yredelemnul [......]
Gold:   255        SH:  4    Dex: 10    Spells: 4/4 levels left

rFire   . . .      SeeInvis .   a - +0 war axe
rCold   . . .      Faith    .   c - +0 buckler
rNeg    . . .      Spirit   .   (body armour currently unavailable)
rPois   +          Reflect  .   (helmet currently unavailable)
rElec   .          Harm     .   (cloak currently unavailable)
rCorr   .          Rampage  .   (gloves currently unavailable)
Will    .....      NoTele   +   (boots currently unavailable)
Stlth   +.........              (no amulet)
HPRegen 0.21/turn               (no ring)
MPRegen 0.09/turn               (no ring)

@: brilliant, tree-form, attractive
A: stationary, stasis, torment immunity, boosted hp, (cold resistance 1),
(shaggy fur 1), evolution 1, subdued magic 1
a: Renounce Religion, Convert to Beogh, Recall Undead Harvest


You were on level 3 of the Dungeon.
You worshipped Yredelemnul.
Yredelemnul was noncommittal.
You were a tree.
You visited 1 branch of the dungeon, and saw 3 of its levels.

You collected 255 gold pieces.

Inventory:

Hand Weapons
 a - a +0 war axe (weapon)
 l - a +2 short sword of speed
Missiles
 f - 50 stones (quivered)
Armour
 b - a +0 scale mail (melded)
 c - a +0 buckler (worn)
 q - a scarf of resistance (melded)
Scrolls
 g - 4 scrolls of identify {unknown}
 m - a scroll of blinking {unknown}
 n - a scroll of amnesia {unknown}
 o - a scroll of poison {unknown}
 p - a scroll of noise {unknown}
 r - a scroll of immolation {unknown}
Potions
 k - a potion of mutation


   Skills:
 - Level 3.6 Fighting
 + Level 7.7 Axes
 - Level 3.2 Armour
 - Level 3.2 Shields


You had 4 spell levels left.
You didn't know any spells.
Your spell library contained the following spells:

 Spells                   Type           Power      Damage    Failure   Level
 Dazzling Flash           Conj/Hex       0%         N/A       83%         3
 Agony                    Necr           0%         N/A       100%        5
 Silence                  Hex/Air        0%         N/A       100%        5


Dungeon Overview and Level Annotations

Branches:
Dungeon (3/15)

Altars:
Makhleb
Ru
Xom
Yredelemnul


Innate Abilities, Weirdness & Mutations

You are a tree.
Your roots penetrate the ground, keeping you stationary.
You cannot be teleported.
You are immune to unholy pain and torment.
Your maximum health is greatly increased.
Your equipment is partially melded.
((Your flesh is cold resistant. (rC+)))
((You are covered in fur. (AC +1)))
You have hidden genetic potential.
Your spells are a little easier to cast, but a little less powerful.


Message History

You are confused.
The orc priest mumbles some strange prayers to Beogh against you.
Beogh smites you!
* * * LOW HITPOINT WARNING * * *
It was a potion of attraction.
You feel attractive to monsters.
The orc wizard hits you with a +0 dagger.
* * * LOW HITPOINT WARNING * * *
It was a potion of curing.
You feel better.
The orc wizard hits you but does no damage.
The orc is attracted toward you.
It was a potion of brilliance.
You feel clever all of a sudden.
The orc priest mumbles some strange prayers to Beogh against you.
Beogh smites you!
* * * LOW HITPOINT WARNING * * *
The orc wizard gestures at you while chanting.
The magic dart hits you but does no damage.
It was a potion of mutation.
You feel extremely strange.
You feel resistant to cold. Fur sprouts all over your body.
Your connection to magic feels subdued.
You feel a hidden potential growing inside you.
The orc wizard hits you but does no damage.
It was a potion of lignification.
You turn into a tree.
Your scarf of resistance melds into your body.
Your +0 scale mail melds into your body.
You feel hot and cold all over.
Your roots penetrate the ground.
The orc wizard hits you but does no damage.
You barely miss the orc wizard.
The orc wizard is heavily wounded.
The orc wizard hits you but does no damage.
The orc priest calls upon Beogh to heal the orc wizard.
The orc wizard is healed somewhat.
The orc is attracted toward you.
As you read the scroll labelled GIKLACISUB, it crumbles to dust.
You feel aware of your surroundings.
You sensed 2 altars.
It was a scroll of magic mapping.
You block the orc's attack.
The orc priest invokes the aid of Beogh against you.
Beogh smites you!
You die...
Your body rises from the dead as a mindless zombie.

**,*#.#*,**
*****,**,**,#..##,
*,,...,,* *,,,,,,,#...#,
***#o#*** ***#,***#...##
#o# #.####....# #.#
#.........# #o########
*###.....). #oo...§oo#
#######.#.##.#
########o####.........##.#
#o♣....#####.#....#
######## #.#..#.. #.#.....
#....... ######## *** *,,
*******,# *,,,,,,,,


You could see an orc priest, an orc wizard and 2 orcs.

Vanquished Creatures
  An orc priest (D:2)
  Jessica (D:2)
  Natasha (D:2)
  A gnoll (D:3)
  3 adders
  A worm (D:2)
  5 orcs
  6 endoplasms
  2 giant cockroaches
  8 goblins
  6 hobgoblins
  6 jackals (D:1)
  2 quokkas
  4 ball pythons
  3 bats (D:1)
  2 frilled lizards (D:2)
  12 kobolds
  8 rats
72 creatures vanquished.

Vanquished Creatures (others)
  An adder zombie (D:3)
  A gnoll zombie (D:3)
  An orc zombie (D:3)
  A quokka zombie (D:3)
  A rat zombie (D:3)
5 creatures vanquished.

Grand Total: 77 creatures vanquished

Notes
Turn   | Place    | Note
-------+----------+-------------------------------------------
     0 | D:1      | chavenet the Hill Orc Fighter began the quest for the Orb.
     0 | D:1      | Reached XP level 1. HP: 19/19 MP: 1/1
    77 | D:1      | Reached skill level 3 in Axes
   328 | D:1      | Reached XP level 2. HP: 25/26 MP: 2/2
   450 | D:1      | Reached skill level 4 in Axes
   726 | D:1      | Reached XP level 3. HP: 31/31 MP: 3/3
   806 | D:1      | You fall into a shaft and drop 1 floor!
   808 | D:2      | Noticed Jessica
   816 | D:2      | Killed Jessica
   817 | D:2      | Reached skill level 5 in Axes
   838 | D:2      | Reached XP level 4. HP: 30/39 MP: 4/4
  1538 | D:1      | Reached skill level 6 in Axes
  1989 | D:2      | Noticed Natasha
  2120 | D:2      | Found a faded altar of an unknown god.
  2215 | D:2      | Reached skill level 7 in Axes
  2215 | D:2      | Reached XP level 5. HP: 26/45 MP: 5/5
  2580 | D:2      | Killed Natasha
  2887 | D:3      | Found a sacrificial altar of Ru.
  2887 | D:3      | Found a burning altar of Makhleb.
  2888 | D:3      | Found a basalt altar of Yredelemnul.
  2948 | D:3      | Found a shimmering altar of Xom.
  2994 | D:3      | Became a worshipper of Yredelemnul the Dark
  3151 | D:3      | Reached * piety under Yredelemnul
  3285 | D:3      | Gained mutation: Your flesh is cold resistant. (rC+)
                  | [potion of mutation]
  3285 | D:3      | Gained mutation: You are covered in fur. (AC +1) [potion of
                  | mutation]
  3285 | D:3      | Gained mutation: Your spells are a little easier to cast,
                  | but a little less powerful. [potion of mutation]
  3285 | D:3      | Gained mutation: You have hidden genetic potential. [potion
                  | of mutation]
  3288 | D:3      | Killed from afar by an orc priest

Illustrated notes

Levels and vault maps discovered:
D:1:      dpeg_arrival_stone_temple_mockup, layout_loops_ring
D:2:      cheibrodos_pilgrimage, layout_loops_corners,
          hellmonk_ecumenical_altar_pennies_from_heaven, item_on_display_a,
          uniq_natasha, uniq_jessica
D:3:      layout_loops_cross, grunt_qazlal_sundering, general_overflow_altar,
          nicolae_overflow_quartered_altars, minmay_unequal

Skill      XL: |  1  2  3  4 |
---------------+-------------+-----
Axes           | 3 4 5 7 |  7.7
Fighting       | |  3.6
Armour         | |  3.2
Shields        | |  3.2

Action                   |  1- 3 |  4- 6 || total
-------------------------+-------+-------++-------
Melee: War axe           |    89 |   135 ||   224
  Use: Potion            |     1 |     5 ||     6
       Scroll            |       |     2 ||     2
Armor: Scale mail        |    30 |    61 ||    91
       Skin              |       |     2 ||     2
Dodge: Dodged            |    42 |    57 ||    99
Block: Buckler           |    14 |    23 ||    37
